 Dungeon Crawl Stone Soup version 0.21-a0-227-g58a7c62 (webtiles) character file.

210 Moloch the Skirmisher (level 5, -2/42 HPs)
             Began as a Mummy Fighter on Aug 30, 2017.
             Killed by divine providence
             ... invoked by an orc priest
              (12 damage)
             ... on level 4 of the Dungeon.
             The game lasted 00:04:04 (2615 turns).

Moloch the Skirmisher (Mummy Fighter)               Turns: 2615, Time: 00:04:05

Health: -2/42      AC:  7    Str: 19    XL:     5   Next: 57%
Magic:  5/5        EV:  7    Int:  8    God:
Gold:   183        SH:  8    Dex: 12    Spells: 4/4 levels left

rFire    x . .     SeeInvis .   a - +0 war axe
rCold    + . .     Gourm    .   c - +0 shield
rNeg     + + +     Faith    .   b - +0 scale mail
rPois    ∞         Spirit   .   k - +0 helmet
rElec    .         Reflect  .   (no cloak)
rCorr    .         Harm     .   (no gloves)
MR       .....                  (no boots)
Stlth    ..........             (no amulet)
HPRegen  0.14/turn              (no ring)
MPRegen  0.09/turn              (no ring)

@: no status effects
A: no food or potions, fire vulnerability, cold resistance 1, negative energy
resistance 3, torment resistance, unbreathing
a: no special abilities


You were on level 4 of the Dungeon.
You were not hungry.

You visited 1 branch of the dungeon, and saw 4 of its levels.

You collected 183 gold pieces.

Inventory:

Hand Weapons
 a - a +0 war axe (weapon)
Armour
 b - a +0 scale mail (worn)
 c - a +0 shield (worn)
 k - a +0 helmet (worn)
Wands
 j - a wand of lightning (5/15)
Scrolls
 d - a scroll of magic mapping {unknown}
 e - 4 scrolls of identify
 f - 4 scrolls of fear {unknown}
 g - a scroll of remove curse {unknown}
 h - 3 scrolls of teleportation {unknown}
 i - a scroll of immolation {unknown}


   Skills:
 + Level 4.3 Fighting
 + Level 4.1 Axes
 - Level 2.4 Armour
 - Level 2.4 Shields


You had 4 spell levels left.
You didn't know any spells.

Dungeon Overview and Level Annotations

Branches:
Dungeon (4/15)
 Temple: D:4-7

Altars:
Ashenzari
Hepliaklqana
Makhleb
Nemelex Xobeh
Qazlal
Trog
Wu Jian
Xom
Yredelemnul
Zin

Annotations:
D:3 Sigmund


Innate Abilities, Weirdness & Mutations

You do not eat or drink.
Your flesh is vulnerable to fire.
You are immune to poison.
Your flesh is cold resistant. (rC+)
You are immune to negative energy. (rN+++)
You are immune to unholy pain and torment.
You can survive without breathing.


Message History

The orc shouts!
The orc priest shouts!
The iguana barely misses you. You block the iguana's attack.
Evoke which item? (* to show all) (? for menu, Esc to quit)
Aiming: Lightning Bolt
Press: ? - help, Shift-Dir - straight line, f - orc wizard
Aim: an orc wizard, wielding a dagger and wearing a robe You hear a mighty clap of thunder!
The bolt of lightning hits the iguana.
The iguana is moderately wounded.
The bolt of lightning misses the adder.
The bolt of lightning hits the ball python.
You kill the ball python!
The bolt of lightning misses the orc wizard.
The bolt of lightning hits the orc priest.
The orc priest is severely wounded.
This wand has 5 charges left.
You hear a shout!
The orc priest calls down the wrath of Beogh upon you.
Beogh smites you!
You die...

#2#### #.#
####.# #.#
####.######.#
#...........#
####
#.##.########
#....#.##.#
.....#.##.#
#<.....#
###@#### #l#
#S#


o.J #o# oo. ... ... You could see an iguana, an orc priest, an orc wizard, an
ooze, an adder and 2 orcs.

Vanquished Creatures
  An ogre (D:4)
  Jessica (D:2)
  Robin (D:4)
  3 adders
  2 dart slugs
  An orc (D:2)
  3 giant cockroaches
  17 goblins
  7 hobgoblins
  3 quokkas
  2 ball pythons
  4 bats
  2 frilled lizards
  7 kobolds
  3 rats (D:2)
57 creatures vanquished.

Notes
Turn   | Place    | Note
-------+----------+-------------------------------------------
     0 | D:1      | Moloch the Mummy Fighter began the quest for the Orb.
     0 | D:1      | Reached XP level 1. HP: 18/18 MP: 1/1
   118 | D:1      | Reached XP level 2. HP: 11/24 MP: 2/2
   771 | D:2      | Reached XP level 3. HP: 22/30 MP: 3/3
  1165 | D:2      | Found a shattered altar of Ashenzari.
  1193 | D:2      | Found a shimmering altar of Xom.
  1194 | D:2      | Found a bloodstained altar of Trog.
  1357 | D:2      | Found a faded altar of an unknown god.
  1357 | D:2      | Noticed Jessica
  1360 | D:2      | Killed Jessica
  1360 | D:2      | Reached XP level 4. HP: 37/37 MP: 4/4
  1568 | D:2      | Found a sparkling altar of Nemelex Xobeh.
  1610 | D:3      | Noticed Sigmund
  2200 | D:3      | Found a stormy altar of Qazlal.
  2203 | D:3      | Found a basalt altar of Yredelemnul.
  2206 | D:3      | Found an ornate altar of the Wu Jian Council.
  2218 | D:3      | Found a hazy altar of Hepliaklqana.
  2397 | D:4      | Noticed an ogre
  2407 | D:4      | Killed an ogre
  2407 | D:4      | Reached XP level 5. HP: 27/42 MP: 5/5
  2465 | D:4      | Found a burning altar of Makhleb.
  2473 | D:4      | Found a glowing silver altar of Zin.
  2474 | D:4      | Noticed Robin
  2487 | D:4      | Noticed an angel
  2487 | D:4      | Noticed a blizzard demon
  2491 | D:4      | Killed Robin
  2615 | D:4      | Killed from afar by an orc priest

Vault maps used:
D:1:      minmay_arrival_doors
D:2:      nicolae_ashenzari_panopticon, marbit_many_paths,
          grunt_temple_overflow_open, chequers_ecumenical_altar_lobes,
          uniq_jessica
D:3:      grunt_temple_overflow_cloverleaf, tgw_kikubaaqudgha, uniq_sigmund
D:4:      grunt_temple_overflow_order_and_chaos_2, temple_doors_e, first_bread,
          portal_sewer_entry_e, minmay_misc_feat_more_columns, uniq_robin

Skill      XL: |  1  2  3  4  5 |
---------------+----------------+-----
Axes           | 2 3 4 |  4.1
Fighting       | 4 |  4.3
Armour         | |  2.4
Shields        | |  2.4

Action                   |  1- 3 |  4- 6 || total
-------------------------+-------+-------++-------
Melee: War axe           |    79 |    92 ||   171
Evoke: Wand              |       |     2 ||     2
  Use: Scroll            |       |     1 ||     1
Armor: Scale mail        |    28 |    50 ||    78
Dodge: Dodged            |    34 |    35 ||    69
Block: Shield            |    42 |    55 ||    97

Table legend:
 A = Spawn XP
 B = Non-spawn XP
 C = Spawn XP percentage of total XP
 D = Spawn monster count
 E = Non-spawn monster count
 F = Spawn count percentage of total count
 G = Total turns spent on level
                    A         B        C        D         E        F      G
               +---------+---------+-------+---------+---------+-------+---------
         Total |      13 |     288 |   4.3 |       7 |      50 |  12.3 |  2615
               +---------+---------+-------+---------+---------+-------+---------
           D:1 |       1 |      20 |   4.8 |       1 |      11 |   8.3 |   677
           D:2 |      10 |      87 |  10.3 |       5 |      16 |  23.8 |  1257
           D:3 |       2 |      26 |   7.1 |       1 |       8 |  11.1 |   463
           D:4 |       0 |     155 |   0.0 |       0 |      15 |   0.0 |   218
               +---------+---------+-------+---------+---------+-------+---------
